AoeStats
← Mind

Pilgrims

507975740Analyzed
2v2 RM · 13d ago on Sep 20, 2026· 61m 20s· 4 players
Game mode
Random Map
Map size
Medium (4 player)
Population
200
Speed
Normal
Resources
Standard
Victory
Conquest
Starting age
Dark Age
Ending age
Imperial Age
RankedLock teamsTeams togetherTeam positionsShared explorationLock speedFull tech treeHidden civsTurbo modeCheats
Victory
Defeat
🇫🇷 Tatars · France
947
+13
🇵🇪 Poles · Peru
887
+16
🇩🇰 Vietnamese · Denmark
900
-42
🇩🇰 Burgundians · Denmark
866
-38
Perrito Perron
7:07 Loom
11:19 Feudal Age
11:25 Man-at-Arms
14:06 Scale Mail Armor
14:06 Double-Bit Axe
14:15 Horse Collar
20:01 Wheelbarrow
22:23 Castle Age
23:08 Town Watch
23:59 Town Patrol
24:21 Heavy Plow
26:19 Hand Cart
25:36 Light Cavalry
26:27 Bloodlines
26:17 Husbandry
27:13 Bow Saw
29:24 Forging
30:38 Chain Mail Armor
29:45 Long Swordsman
32:02 Szlachta Privileges
34:28 Guard Tower
34:34 Murder Holes
36:52 Iron Casting
36:22 Scale Barding Armor
40:12 Gold Mining
40:13 Stone Mining
45:56 Imperial Age
44:28 Fortified Wall
44:29 Masonry
44:00 Treadmill Crane
44:41 Ballistics
45:43 Chain Barding Armor
45:24 Padded Archer Armor
45:14 Fletching
46:14 Cavalier
46:14 Winged Hussar
47:56 Chemistry
51:18 Siege Engineers
54:42 Arrowslits
54:52 Arrowslits
57:11 Conscription
57:30 Hoardings
57:16 Lechitic Legacy
58:11 Crop Rotation
60:49 Fervor
cremolol
7:47 Loom
9:55 Feudal Age
10:48 Double-Bit Axe
13:53 Fishing Lines
18:15 Castle Age
16:20 Fletching
16:30 Padded Archer Armor
17:48 Gold Mining
18:45 Bloodlines
19:11 Bow Saw
20:32 Gold Shaft Mining
21:30 Ballistics
22:28 Town Watch
23:22 Bodkin Arrow
24:17 Leather Archer Armor
23:55 Horse Collar
26:00 Pikeman
26:42 Scale Mail Armor
26:52 Forging
29:26 Iron Casting
29:20 Husbandry
32:00 Murder Holes
35:44 Stone Mining
40:49 Imperial Age
38:44 Herbal Medicine
39:02 Elite Skirmisher
41:04 Silk Armor
41:53 Bracer
42:24 Ring Archer Armor
42:37 Conscription
44:55 Squires
44:41 Arson
46:10 Chemistry
45:16 Siege Engineers
47:06 Heavy Cavalry Archer
47:55 Scale Barding Armor
49:23 Masonry
48:54 Treadmill Crane
57:57 Timurid Siegecraft
Mind
4:15 Loom
10:38 Feudal Age
11:32 Double-Bit Axe
11:32 Horse Collar
11:42 Fishing Lines
13:42 Wheelbarrow
18:41 Castle Age
17:34 Fletching
19:46 Thumb Ring
20:30 Crossbowman
24:03 Padded Archer Armor
27:23 Squires
27:58 Bodkin Arrow
28:37 Ballistics
28:58 Hand Cart
30:52 Town Watch
31:22 Forging
31:18 Scale Barding Armor
31:36 Elite Skirmisher
36:03 Coinage
38:32 Imperial Age
36:38 Stone Mining
36:38 Gold Mining
37:15 Clinker Construction
36:56 Guard Tower
36:57 Heated Shot
36:47 Treadmill Crane
37:04 Murder Holes
38:56 Leather Archer Armor
39:17 Iron Casting
38:42 Scale Mail Armor
39:26 Bracer
39:49 Chain Barding Armor
39:30 Scale Mail Armor
41:15 Medium Warships
40:56 Gillnets
41:49 Heavy Plow
42:02 Bow Saw
41:49 Arbalester
44:35 Paper Money
47:37 Bloodlines
47:27 Husbandry
sortie
5:55 Loom
9:50 Feudal Age
8:21 Loom
17:36 Castle Age
18:53 Cavalier
19:35 Husbandry
27:32 Scale Barding Armor
27:51 Forging
30:44 Gold Mining
39:05 Iron Casting
39:45 Wheelbarrow
39:03 Town Watch
41:13 Double-Bit Axe
41:10 Horse Collar
42:15 Wheelbarrow
41:28 Town Watch
44:47 Chain Barding Armor
49:16 Imperial Age
51:26 Chemistry
Connection lost

Rejoining the realm…

Still unreachable

The connection could not be restored.

Session expired

The server has moved on; the page needs a fresh start.